 Dungeon Crawl Stone Soup version 0.30.1-3-gfc49f6343a (webtiles) character file.

Game seed: 11702768946117453839

5464 Peloso the Carver (level 10, 0/88 HPs)
             Began as a Minotaur Fighter on Aug 5, 2023.
             Was a Believer of Okawaru.
             Shot with an arrow by a centaur warrior (16 damage)
             ... on level 9 of the Dungeon.
             The game lasted 00:17:16 (8684 turns).

Peloso the Carver (Minotaur Fighter)                Turns: 8684, Time: 00:17:16

Health: 0/88       AC: 17    Str: 22    XL:     10   Next: 41%
Magic:  7/9        EV: 13    Int:  4    God:    Okawaru [**....]
Gold:   522        SH:  8    Dex: 19    Spells: 9/9 levels left

rFire   . . .        a - +0 long sword
rCold   + . .        d - +0 buckler
rNeg    + . .        c - +0 chain mail
rPois   +            (helmet restricted)
rElec   .            u - +2 ratskin cloak {*Rats rPois rN+ Str-1 Int-1 Dex+1}
rCorr   .            (no gloves)
SInv    .            (no boots)
Will    .....        (no amulet)
Stlth   +            k - +6 ring of dexterity
HPRegen 0.34/turn    y - ring of protection from cold
MPRegen 0.11/turn

%: no passive effects
@: mighty, heroic, hasted, very quick
A: horns 2, retaliatory headbutt
a: Renounce Religion, Heroism


You were on level 9 of the Dungeon.
You worshipped Okawaru.
Okawaru was pleased with you.
You visited 2 branches of the dungeon, and saw 10 of its levels.

You collected 522 gold pieces.

Inventory:

Hand Weapons
 a - a +0 long sword (weapon)
 b - a +1 whip of flaming
Armour
 c - a +0 chain mail (worn)
 d - a +0 buckler (worn)
 u - the +2 ratskin cloak (worn) {*Rats rPois rN+ Str-1 Int-1 Dex+1}
   (You found it on level 4 of the Dungeon)

   *Rats:     When the wearer is hurt, rats may emerge from it to assist them.
   Str:       It affects your strength (-1).
   Int:       It affects your intelligence (-1).
   Dex:       It affects your dexterity (+1).
   rPois:     It protects you from poison.
   rN:        It protects you from negative energy.
Jewellery
 k - a +6 ring of dexterity (left hand)
 w - an amulet of faith
 y - a ring of protection from cold (right hand)
 z - an amulet of guardian spirit
 A - a +5 ring of evasion
 C - a ring of see invisible
 G - an amulet of regeneration
Wands
 o - a wand of flame (49)
 s - a wand of quicksilver (28)
Scrolls
 e - a scroll of immolation {unknown}
 g - 2 scrolls of silence {unknown}
 h - 2 scrolls of enchant weapon {unknown}
 i - 3 scrolls of teleportation {unknown}
 j - a scroll of poison {unknown}
 l - 3 scrolls of fog {unknown}
 r - a scroll of magic mapping {unknown}
 v - 3 scrolls of amnesia
 x - a scroll of identify
 B - a scroll of enchant armour {unknown}
 F - a scroll of fear {unknown}
Potions
 f - a potion of cancellation
 m - 3 potions of brilliance
 n - 3 potions of curing
 p - a potion of flight
 q - 2 potions of invisibility
 D - a potion of lignification {unknown}


   Skills:
 + Level 8.1(13.1) Fighting
 + Level 11.8(16.8) Long Blades
 + Level 10.5(15.5) Armour
 + Level 3.1(8.1) Dodging
 + Level 1.3(6.3) Stealth
 + Level 7.6(12.6) Shields


You had 9 spell levels left.
You didn't know any spells.
Your spell library contained the following spells:

 Spells                   Type           Power      Damage    Failure   Level
 Beastly Appendage        Tmut           0%         N/A       94%         1
 Blink                    Tloc           0%         N/A       98%         2
 Lesser Beckoning         Tloc           0%         N/A       98%         2
 Momentum Strike          Conj/Tloc      0%         3d8       98%         2
 Wereblood                Tmut           0%         N/A       98%         2
 Hailstorm                Conj/Ice       0%         3d3       100%        3
 Ozocubu's Armour         Ice            0%         N/A       100%        3
 Spider Form              Tmut/Pois      0%         N/A       100%        3
 Ice Form                 Ice/Tmut       0%         N/A       100%        4
 Ozocubu's Refrigeration  Ice            0%         4d7       100%        7
 Simulacrum               Ice/Necr       Unusable   N/A       N/A         6

Dungeon Overview and Level Annotations

Branches:
Dungeon (9/15)             Temple (1/1) D:7            Lair (0/5) D:8
    Orc: D:9-12

Altars:
Ashenzari
Cheibriados
Elyvilon
Fedhas
Gozag
Hepliaklqana
Kikubaaqudgha
Makhleb
Okawaru
Ru
Sif Muna
Uskayaw
Vehumet
Wu Jian
Xom
Yredelemnul
Zin
The Shining One

Shops:
D:3 (   D:7 [

Annotations:
D:8 3 runed translucent doors, LittleThickWarRabbit's ghost, novice MiBe


Innate Abilities, Weirdness & Mutations

You have a pair of horns on your head.
You reflexively headbutt those who attack you in melee.


Message History

You hear a shout!
A centaur warrior comes into view.
The centaur warrior shouts!
The centaur warrior unwields a +0 longbow.
The centaur warrior hits you.
The centaur warrior kicks you but does no damage.
You see here a vampire mosquito corpse.
You completely miss the centaur warrior.
The centaur warrior hits you but does no damage.
The centaur warrior kicks you but does no damage.
The centaur warrior hits you! The centaur warrior kicks you.
You closely miss the centaur warrior.
The centaur warrior hits you but does no damage.
The centaur warrior barely misses you.
You feel very mighty all of a sudden.
The centaur warrior hits you but does no damage.
The centaur warrior kicks you but does no damage.
An acid dragon comes into view.
The centaur warrior hits you!
The centaur warrior kicks you but does no damage.
You gain the combat prowess of a mighty hero.
The acid dragon roars!
You hear a shout!
A gnoll comes into view. It is wielding a +3 spear of flaming.
A gnoll comes into view. It is wielding a +0 whip.
The centaur warrior misses you.
The centaur warrior completely misses you.
You hit the centaur warrior.
The centaur warrior is lightly wounded.
The centaur warrior hits you but does no damage.
The centaur warrior kicks you but does no damage.
A gnoll comes into view. It is wielding a +0 spear.
Unknown command.
The centaur warrior wields a +0 longbow.
The centaur warrior shoots an arrow.
The arrow hits you!
* * * LOW HITPOINT WARNING * * *
Unknown command.
You feel yourself speed up.
The centaur warrior wields a +0 shortbow.
The centaur warrior shoots an arrow.
The arrow hits you!
You die...

###### # .....# # #.
####.##.# .# ##
###...#.#.# .#.
##......#.# #c#
#.........# ####†##
#.......#.# #..@c.#
........#.####.####...#
#.#.#.#.#...##.###.#.#.#
..........#............
#.###.###...##.###.#.#D#
#.# #.# #..###.# #g.
#.###.###..# #.# gg
#..........# #.#
#####.####.# #.#


You could see 2 centaur warriors.

Vanquished Creatures
  Pikel (D:7)
  2 unseen horror zombies (D:8)
  A komodo dragon (D:8)
  A yak (D:8)
  A wyvern (D:7)
  A vampire mosquito (D:9)
  2 steam dragons (D:7)
  4 black bears
  An orc warrior (D:8)
  4 ogres
  2 sky beasts (D:7)
  2 centaurs (D:8)
  4 lemures
  2 kobold brigands
  8 bullfrogs
  3 scorpions
  2 wyvern zombies (D:8)
  9 killer bees (D:8)
  A howler monkey (D:6)
  2 centaur zombies (D:8)
  2 jellies
  4 orc priests
  2 hounds (D:3)
  An iron imp (D:3)
  A sleepcap (D:5)
  Ijyb (D:3)
  An iguana (D:4)
  6 orc wizards
  A statue (D:7)
  A killer bee zombie (D:8)
  A howler monkey zombie (D:8)
  8 gnolls
  12 adders
  A white imp (D:7)
  2 ufetubi
  3 worms (D:2)
  11 orcs
  7 endoplasms
  4 giant cockroaches
  19 goblins
  5 hobgoblins
  14 kobolds
  2 quokkas (D:1)
  6 ball pythons
  8 bats
  2 frilled lizards (D:1)
  9 rats
187 creatures vanquished.

Vanquished Creatures (collateral kills)
  A water moccasin (D:8)
1 creature vanquished.

Grand Total: 188 creatures vanquished

Notes
Turn   | Place    | Note
-------+----------+-------------------------------------------
     0 | D:1      | Peloso the Minotaur Fighter began the quest for the Orb.
     0 | D:1      | Reached XP level 1. HP: 19/19 MP: 0/0
    79 | D:1      | Reached XP level 2. HP: 23/27 MP: 1/1
   282 | D:1      | Reached XP level 3. HP: 33/33 MP: 2/2
   522 | D:1      | Found a faded altar of an unknown god.
   725 | D:2      | Reached skill level 3 in Long Blades
   963 | D:2      | Reached XP level 4. HP: 40/40 MP: 3/3
  1639 | D:3      | Found a glowing golden altar of the Shining One.
  1791 | D:3      | Reached skill level 4 in Long Blades
  1791 | D:3      | Reached XP level 5. HP: 41/47 MP: 4/4
  2100 | D:3      | Noticed an ogre
  2118 | D:3      | Killed an ogre
  2119 | D:3      | Reached skill level 5 in Long Blades
  2119 | D:3      | Reached skill level 5 in Armour
  2119 | D:3      | Reached skill level 1 in Dodging
  2119 | D:3      | Reached XP level 6. HP: 52/53 MP: 5/5
  2183 | D:3      | Found Gali's Weapon Shoppe.
  2280 | D:3      | Noticed Ijyb
  2292 | D:3      | Killed Ijyb
  2393 | D:3      | Found a snail-covered altar of Cheibriados.
  2444 | D:3      | Found a glowing silver altar of Zin.
  3197 | D:4      | Found the +2 ratskin cloak {*Rats rPois rN+ Str-1 Int-1
                  | Dex+1}
  3314 | D:4      | Reached skill level 5 in Fighting
  3367 | D:4      | Found an opulent altar of Gozag.
  3414 | D:5      | Entered Level 5 of the Dungeon
  3567 | D:5      | Found a blossoming altar of Fedhas.
  3596 | D:5      | Reached skill level 6 in Long Blades
  3596 | D:5      | Reached XP level 7. HP: 35/61 MP: 6/6
  3692 | D:5      | Found a hide-covered altar of Uskayaw.
  3850 | D:5      | Found a sacrificial altar of Ru.
  3933 | D:5      | Reached skill level 5 in Shields
  4007 | D:5      | Found a hazy altar of Hepliaklqana.
  4105 | D:5      | You fall into a shaft and drop 3 floors!
  4130 | D:8      | Reached skill level 7 in Long Blades
  4155 | D:8      | Reached skill level 1 in Stealth
  4216 | D:8      | Noticed a komodo dragon
  4265 | D:8      | Reached XP level 8. HP: 66/69 MP: 7/7
  4334 | D:8      | Found a staircase to the Lair.
  4363 | D:8      | Reached skill level 8 in Long Blades
  4493 | D:8      | Reached skill level 9 in Long Blades
  4610 | D:8      | Reached XP level 9. HP: 42/75 MP: 8/8
  4834 | D:7      | Reached skill level 10 in Long Blades
  5136 | D:7      | Found a staircase to the Ecumenical Temple.
  5164 | D:7      | Noticed Pikel
  5168 | Temple   | Entered the Ecumenical Temple
  5221 | Temple   | Became a worshipper of Warmaster Okawaru
  5298 | D:7      | Killed Pikel
  5619 | D:7      | Found Vemucio's Armour Shop.
  5771 | D:7      | Reached * piety under Okawaru
  5772 | D:7      | Reached skill level 11 in Long Blades
  6308 | D:6      | Found an ancient bone altar of Kikubaaqudgha.
  6328 | D:6      | Found a shimmering altar of Xom.
  6476 | D:6      | Found a burning altar of Makhleb.
  6636 | D:6      | Found an ornate altar of the Wu Jian Council.
  6788 | D:6      | Found a broken altar of Ashenzari.
  7346 | D:7      | Found a white marble altar of Elyvilon.
  7472 | D:7      | Found a radiant altar of Vehumet.
  7567 | D:8      | Found a basalt altar of Yredelemnul.
  7656 | D:8      | Reached XP level 10. HP: 58/88 MP: 9/9
  7665 | D:8      | Reached skill level 10 in Armour
  7738 | D:8      | Reached ** piety under Okawaru
  8216 | D:8      | Found a runed translucent gate.
  8217 | D:8      | Found a runed translucent gate.
  8219 | D:8      | Found a runed translucent gate.
  8219 | D:8      | Noticed LittleThickWarRabbit's ghost (novice MiBe)
  8667 | D:9      | Noticed a centaur warrior
  8677 | D:9      | Noticed a centaur warrior
  8684 | D:9      | Shot with an arrow by a centaur warrior

Illustrated notes

Levels and vault maps discovered:
D:1:      lightli_arrival_statuegarden, layout_loops_ring,
          ebering_ecumenical_altar_sacrificial, minmay_misc_feat_tiny
D:2:      layout_loops_corners, wad_floor_pattern_untrapped
D:3:      layout_loops_corners, slow_altar_2, nicolae_overflow_crystal_walls,
          mainiacjoe_overflow_tiny_flanked, serial_shops, shop,
          minmay_ogre_servants, uniq_ijyb
D:4:      layout_basic, nicolae_gozag_seed_capital, minmay_misc_feat_roman,
          guppyfry_early_lair_pool
D:5:      layout_cave_pods, nicolae_uskayaw_murder_on_the_dancefloor,
          nicolae_ru_great_annihilating_truth, lemuel_tele_altar,
          amcnicky_altar_gilded, minmay_crystal_room,
          nicolae_elevator_lobby_plus
D:6:      layout_loops_corners, mainiacjoe_overflow_small_starburst,
          kiku_gazebo_garden_becter, old_standard_altar,
          mainiacjoe_overflow_catwalk, nicolae_wu_jian_wuxing_cycle
D:7:      layout_basic, vehumet_statue, kennysheep_mini,
          minmay_temple_entry_crystal_x, serial_shops, kennysheep_mini_moat,
          uniq_pikel
D:8:      layout_loops_ring, nicolae_yredelemnul_corpse_copse,
          due_lair_maze_entry_diamond, gammafunk_ghost_nasty_kobolds,
          minmay_misc_feat_tower, chequers_jeans
D:9:      minmay_cornered_nines, layout_loops_ring
Temple:   nicolae_temple_superstar

Skill      XL: |  1  2  3  4  5  6  7  8  9 10 |
---------------+-------------------------------+-----
Shields        | 4 5 6 7 |  7.6
Fighting       | 4 5 6 7 8 |  8.1
Armour         | 4 5 6 7 9 10 | 10.5
Long Blades    | 3 4 5 6 7 9 11 | 11.8
Dodging        | 1 2 3 |  3.1
Stealth        | 1 |  1.3

Action                     |  1- 3 |  4- 6 |  7- 9 | 10-12 || total
---------------------------+-------+-------+-------+-------++-------
  Melee: Long sword        |    89 |   163 |   284 |    98 ||   634
         Headbutt          |    13 |    21 |    62 |    32 ||   128
 Invoke: Heroism           |       |       |       |     2 ||     2
    Use: Potion            |     4 |     1 |     1 |     4 ||    10
         Scroll            |       |     3 |     4 |       ||     7
   Stab: Paralysed         |       |       |     1 |       ||     1
 Armour: Scale mail        |    49 |    45 |       |       ||    94
         Chain mail        |       |    25 |   184 |    49 ||   258
  Dodge: Dodged            |    58 |    59 |   147 |    36 ||   300
  Block: Buckler           |    18 |    30 |    86 |    28 ||   162
